 Dungeon Crawl Stone Soup version 0.23.0-3-gf3c87f2 (webtiles) character file.

Game seed: 13356037915814453799

137 vishdafish the Skirmisher (level 5, 37/42 HPs)
             Began as a Demonspawn Fighter on Feb 22, 2019.
             Quit the game on level 3 of the Dungeon.
             The game lasted 00:02:21 (2097 turns).

vishdafish the Skirmisher (Demonspawn Fighter)      Turns: 2097, Time: 00:02:21

Health: 37/42      AC:  8    Str: 17    XL:     5   Next: 0%
Magic:  5/5        EV:  7    Int: 10    God:
Gold:   99         SH:  9    Dex: 12    Spells: 4/4 levels left

rFire    + . .     SeeInvis .   a - +0 long sword
rCold    . . .     Gourm    .   c - +0 shield
rNeg     . . .     Faith    .   b - +0 scale mail
rPois    .         Spirit   .   (helmet restricted)
rElec    .         Reflect  .   (no cloak)
rCorr    .         Harm     .   d - +0 pair of gloves
MR       .....                  (no boots)
Stlth    ..........             (no amulet)
HPRegen  0.14/turn              (no ring)
MPRegen  0.09/turn              (no ring)

@: flying
A: horns 1, fire resistance 1, powered by pain 1
a: no special abilities


You were on level 3 of the Dungeon.
You were very hungry.

You visited 1 branch of the dungeon, and saw 3 of its levels.

You collected 99 gold pieces.

Inventory:

Hand Weapons
 a - a +0 long sword (weapon)
Armour
 b - a +0 scale mail (worn)
 c - a +0 shield (worn)
 d - a +0 pair of gloves (worn)
 h - a +0 helmet
Scrolls
 e - a scroll of enchant armour {unknown}
 g - 3 scrolls of identify {unknown}
 m - 3 scrolls of magic mapping {unknown}
 n - 2 scrolls of remove curse {unknown}
 p - a scroll of immolation {unknown}
 q - a scroll of blinking {unknown}
 t - a scroll of enchant weapon {unknown}
 u - a scroll of fear {unknown}
Potions
 i - a potion of berserk rage {unknown}
 j - a potion of curing {unknown}
 k - a potion of haste {unknown}
 l - a potion of resistance {unknown}
 o - 2 potions of agility {unknown}
 r - a potion of degeneration {unknown}
Comestibles
 f - 4 rations


   Skills:
 + Level 3.8 Fighting
 + Level 2.6 Long Blades
 + Level 3.5 Armour
 - Level 0.1 Dodging
 + Level 3.5 Shields


You had 4 spell levels left.
You didn't know any spells.
Your spell library was empty.

Dungeon Overview and Level Annotations

Branches:
Dungeon (3/15)

Altars:
Dithmenos


Innate Abilities, Weirdness & Mutations

You have a pair of small horns on your head.
Your flesh is heat resistant. (rF+)
You sometimes gain a little power by taking damage.


Message History

Your shield and scale mail prevent you from hitting the goblin.
You block the kobold's attack. The goblin hits you but does no damage.
You slash the goblin!
You kill the goblin!
You feel sick. The kobold closely misses you.
You riposte.
You hit the kobold.
You kill the kobold!
You have reached level 5!
Your demonic ancestry asserts itself...
You feel energised by your suffering.
You start resting.
You feel sick. x2
You are no longer poisoned.
You start resting.
You are feeling very hungry.
Okay, then.
It was a potion of flight.
You feel very buoyant.
You fly up into the air.
Unknown command.
Are you sure you want to abandon this character and quit the game? (Confirm with "yes".)

#......#.........
########......#........#
.......#####+##........#
#...... #......#..
#...... #...(#.#.#
#...... #. #..(.#.#.#
#......## #. #.(..#...†
......))# #. #(...###.#
#...@# #.##(.......#
#....####.#.(.......#
+...$([.#.#.#.#...#.#
#....##.#.#)#.#.#+#.#
#....##.#...#.#.. ..#
#######.##(.#)##...##
#.....#.# .. # ####.##.#
# #.# .# #


There were no monsters in sight!

Vanquished Creatures
  A hound (D:3)
  5 adders
  3 worms (D:2)
  A dart slug (D:2)
  An orc (D:3)
  3 bats (D:1)
  A giant cockroach (D:2)
  8 goblins
  8 hobgoblins
  11 kobolds
  A quokka (D:2)
  A ball python (D:3)
  5 frilled lizards
  3 rats
52 creatures vanquished.

Notes
Turn   | Place    | Note
-------+----------+-------------------------------------------
     0 | D:1      | vishdafish the Demonspawn Fighter began the quest for the
                  | Orb.
     0 | D:1      | Reached XP level 1. HP: 18/18 MP: 1/1
   122 | D:1      | Gained mutation: You have a pair of small horns on your
                  | head. [demonic ancestry]
   122 | D:1      | Reached XP level 2. HP: 23/24 MP: 2/2
   812 | D:2      | Reached XP level 3. HP: 29/29 MP: 3/3
  1635 | D:2      | Found a shadowy altar of Dithmenos.
  1690 | D:2      | Gained mutation: Your flesh is heat resistant. (rF+)
                  | [demonic ancestry]
  1690 | D:2      | Reached XP level 4. HP: 31/35 MP: 4/4
  1964 | D:3      | Gained mutation: You sometimes gain a little power by
                  | taking damage. [demonic ancestry]
  1964 | D:3      | Reached XP level 5. HP: 21/42 MP: 5/5
  2097 | D:3      | Quit the game

Skill      XL: |  1  2 |
---------------+-------+-----
Armour         | 3 |  3.5
Shields        | 3 |  3.5
Long Blades    | 2 |  2.6
Fighting       | |  3.8
Dodging        | |  0.1

Action                   |  1- 3 |  4- 6 || total
-------------------------+-------+-------++-------
Melee: Long sword        |   107 |    37 ||   144
       Headbutt          |    13 |     4 ||    17
  Use: Potion            |     1 |     1 ||     2
  Eat: Chunk             |     3 |       ||     3
Armor: Scale mail        |    61 |    19 ||    80
Dodge: Dodged            |    32 |    12 ||    44
Block: Shield            |    50 |    19 ||    69
       Rpst.: Long sword |     7 |     6 ||    13
